 Dungeon Crawl Stone Soup version 0.23.2-1-ga50397a (webtiles) character file.

Game seed: 18372657936905634802

361 Mrkaede the Skirmisher (level 6, -6/40 HPs)
             Began as a Gargoyle Berserker on Apr 27, 2019.
             Was a Believer of Trog.
             Mangled by a hobgoblin
             ... wielding a +0 hand axe of distortion
              (16 damage)
             ... on level 2 of the Dungeon.
             The game lasted 00:04:00 (2587 turns).

Mrkaede the Skirmisher (Gargoyle Berserker)         Turns: 2587, Time: 00:04:00

Health: -6/40      AC: 14    Str: 23    XL:     6   Next: 66%
Magic:  6/6        EV:  9    Int:  7    God:    Trog [**....]
Gold:   122        SH:  0    Dex:  9    Spells: 5/5 levels left

rFire    . . .     SeeInvis .   a - +0 mace
rCold    . . .     Gourm    .   (no shield)
rNeg     + . .     Faith    .   n - +0 chain mail
rPois    ∞         Spirit   .   (no helmet)
rElec    +         Reflect  .   (no cloak)
rCorr    .         Harm     .   (no gloves)
MR       .....                  q - +0 pair of boots
Stlth    ..........             (no amulet)
HPRegen  0.13/turn              (no ring)
MPRegen  0.10/turn              (no ring)

@: berserk cooldown, slowed, very slow
A: negative energy resistance 1, electricity resistance, unbreathing,
petrification resistance, rot immunity, AC +4
a: Berserk, Trog's Hand, Renounce Religion


You were on level 2 of the Dungeon.
You worshipped Trog.
Trog was pleased with you.
You were not hungry.

You visited 1 branch of the dungeon, and saw 3 of its levels.
You visited the Abyss 1 time.

You collected 122 gold pieces.

Inventory:

Hand Weapons
 a - a +0 mace (weapon)
Armour
 b - a +0 animal skin
 g - a +0 leather armour
 n - a +0 chain mail (worn)
 q - a +0 pair of boots (worn)
Scrolls
 d - a scroll of blinking {unknown}
 f - a scroll of amnesia {unknown}
 i - a scroll of enchant weapon {unknown}
 j - a scroll of random uselessness {unknown}
 k - a scroll of magic mapping {unknown}
 o - a scroll of remove curse {unknown}
Potions
 e - a potion of ambrosia {unknown}
 h - a potion of haste {unknown}
 l - a potion of degeneration {unknown}
 m - a potion of mutation {unknown}
Comestibles
 c - 8 rations
 p - 4 chunks of flesh


   Skills:
 * Level 4.9 Fighting
 * Level 4.3 Maces & Flails
 + Level 1.2 Throwing
 * Level 3.7 Armour
 * Level 2.7 Dodging
 + Level 1.4 Unarmed Combat


You had 5 spell levels left.
You didn't know any spells.
Your spell library was empty.

Dungeon Overview and Level Annotations

Branches:
Dungeon (3/15)

Altars:
Okawaru


Innate Abilities, Weirdness & Mutations

You are resistant to torment.
Your stone body is resilient. (AC +4)
You are immune to poison.
You resist negative energy. (rN+)
You are resistant to electric shocks. (rElec)
You can survive without breathing.
You are immune to petrification.
You are immune to rotting.


Message History

The substance of the Abyss twists violently, and a gateway leading out appears!
You are covered in liquid flames!
You are covered in liquid flames!
* * * LOW HITPOINT WARNING * * *
You feel a strong urge to attack something.
You are covered in liquid flames!
* * * LOW HITPOINT WARNING * * *
Eat one of 5 chunks of flesh? (ye/n/q)
You eat one of the 5 chunks of flesh.
This raw flesh tastes terrible.
You are no longer berserk.
You are exhausted.
You feel yourself slow down.
Found a gateway leading out of the Abyss.
There is a gateway leading out of the Abyss here.
There is a gateway leading out of the Abyss here.
You pass through the gate.
Welcome back to the Dungeon!
The hobgoblin hits you but does no damage.
Space warps horribly around you!
You die...

...)..###≈≈..)÷≈≈#..# #...#
##..#...#≈......≈#..# #...#
##..#...#≈......≈#.########...###
#...#...#≈......≈#.##)....)......
#.#.#...#≈......≈#...............
#.#.#...#≈≈^...≈≈#..#..(.........
........##≈≈≈≈≈≈###.###..##...###
.........########...# #######.#
#.##.######....g@#.## ##_## #.#
#.##.#### #.####.#.# 8...8##.#
#.......###.####.#.###.....##.###
####.##........#.#..#8.....8#...#
####.######.##.#.#>###..$..##...#
.....# #.##l#.#.# #8...8##.#.#
###### #........###.....##...)
########.##8.....8##...
#..##.....##....


You could see a hobgoblin.

Vanquished Creatures
  A smoke demon (Abyss:1)
  2 adders (D:2)
  An ooze (D:1)
  3 worms (D:2)
  A dart slug (D:1)
  A leopard gecko (D:1)
  A ball python (D:1)
  6 hobgoblins
  6 bats
  5 frilled lizards
  9 goblins
  5 kobolds
  6 rats
47 creatures vanquished.

Notes
Turn   | Place    | Note
-------+----------+-------------------------------------------
     0 | D:1      | Mrkaede the Gargoyle Berserker began the quest for the Orb.
     0 | D:1      | Reached XP level 1. HP: 14/14 MP: 1/1
   480 | D:1      | Reached XP level 2. HP: 14/19 MP: 2/2
  1048 | D:2      | Found an iron altar of Okawaru.
  1063 | D:2      | Reached XP level 3. HP: 14/24 MP: 3/3
  1587 | D:2      | You fall through a shaft!
  1803 | D:2      | Reached XP level 4. HP: 21/29 MP: 4/4
  2210 | D:2      | Reached ** piety under Trog
  2545 | D:2      | Cast into level 1 of the Abyss (hobgoblin)
  2567 | Abyss:1  | Noticed a smoke demon
  2578 | Abyss:1  | Killed a smoke demon
  2578 | Abyss:1  | Reached skill level 1 in Throwing
  2578 | Abyss:1  | Reached skill level 1 in Unarmed Combat
  2578 | Abyss:1  | Reached XP level 5. HP: 20/34 MP: 5/5
  2578 | Abyss:1  | Reached XP level 6. HP: 24/40 MP: 6/6
  2587 | D:2      | Escaped the Abyss
  2587 | D:2      | Mangled by a hobgoblin

Skill      XL: |  1  2  3  4 |
---------------+-------------+-----
Fighting       | 4 |  4.9
Dodging        | 2 |  2.7
Maces & Flails | 4 |  4.3
Throwing       | 1 |  1.2
Armour         | 3 |  3.7
Unarmed Combat | 1 |  1.4

Action                   |  1- 3 |  4- 6 || total
-------------------------+-------+-------++-------
Melee: Mace              |   122 |    56 ||   178
Invok: Berserk           |     3 |     1 ||     4
  Eat: Chunk             |     4 |     5 ||     9
Armor: Leather armour    |    55 |     7 ||    62
       Animal skin       |     2 |       ||     2
       Chain mail        |       |    37 ||    37
Dodge: Dodged            |   101 |    34 ||   135
